 Dungeon Crawl Stone Soup version 0.29.1-2-gbd0b4ee654 (webtiles) character file.

Game seed: 17508730902628866495

5279 fantasyman the Cleaver (level 10, -9/77 HPs)
             Began as a Demigod Fighter on Nov 17, 2022.
             Killed from afar by Lodul (26 damage)
             ... with a bolt of lightning
             ... on level 10 of the Dungeon.
             The game lasted 00:13:39 (12527 turns).

fantasyman the Cleaver (Demigod Fighter)           Turns: 12527, Time: 00:13:40

Health: -9/77      AC: 13    Str: 25    XL:     10   Next: 14%
Magic:  13/13      EV: 11    Int: 13    God:
Gold:   648        SH:  7    Dex: 26    Spells: 9/9 levels left

rFire   . . .      SeeInvis .   a - +1 war axe (venom)
rCold   . . .      Faith    .   c - +0 buckler
rNeg    . . .      Spirit   .   s - +5 ring mail "Baclemae" {Int+3 Dex+3}
rPois   .          Reflect  .   (no helmet)
rElec   .          Harm     .   (no cloak)
rCorr   .          Rampage  +   r - +1 pair of gloves of Caruc {Rampage}
Will    +....                   (no boots)
Stlth   ++........              (no amulet)
HPRegen 0.22/turn               h - +6 ring of dexterity
MPRegen 0.13/turn               (no ring)

@: flying
A: high MP 1, forlorn, divine attributes, sturdy frame 1
a: no special abilities


You were on level 10 of the Dungeon.
You visited 1 branch of the dungeon, and saw 10 of its levels.
You also visited: Sewer.

You collected 648 gold pieces.

Inventory:

Hand Weapons
 a - a +1 war axe of venom (weapon)
 l - a +2 hand axe of flaming
 y - a +1 battleaxe of venom
Missiles
 f - a throwing net (quivered)
Armour
 c - a +0 buckler (worn)
 r - the +1 pair of gloves of Caruc (worn) {Rampage}
   (You found it on level 9 of the Dungeon)

   Rampage:   It bestows one free step when moving towards enemies.
 s - the +5 ring mail "Baclemae" (worn) {Int+3 Dex+3}
   (You found it on level 3 of the Dungeon)

   Int:       It affects your intelligence (+3).
   Dex:       It affects your dexterity (+3).
Jewellery
 h - a +6 ring of dexterity (left hand)
 k - an amulet of guardian spirit
Wands
 d - a wand of mindburst (10)
 n - a wand of paralysis (5)
 q - a wand of iceblast (11)
Scrolls
 b - 3 scrolls of brand weapon
 g - 2 scrolls of fear
 j - 2 scrolls of immolation
 o - a scroll of amnesia
 p - 10 scrolls of identify
Potions
 e - 5 potions of curing


   Skills:
 - Level 3.4 Fighting
 + Level 11.4 Axes
 + Level 5.8 Armour
 - Level 1.1 Dodging
 - Level 0.2 Stealth
 + Level 6.8 Shields


You had 9 spell levels left.
You didn't know any spells.
Your spell library contained the following spells:

 Spells                   Type           Power      Damage    Failure   Level
 Sandblast                Erth           0%         2d4       43%         1
 Passwall                 Tmut/Erth      0%         N/A       56%         2
 Sublimation of Blood     Necr           0%         N/A       56%         2
 Wereblood                Tmut           0%         N/A       56%         2
 Confusing Touch          Hex            0%         N/A       80%         3
 Gell's Gravitas          Tloc           0%         N/A       80%         3
 Ignite Poison            Fire/Tmut/Pois 0%         N/A       80%         3
 Mephitic Cloud           Conj/Pois/Air  0%         N/A       80%         3
 Ozocubu's Armour         Ice            0%         N/A       80%         3
 Stone Arrow              Conj/Erth      0%         3d7       80%         3
 Teleport Other           Tloc           0%         N/A       80%         3
 Freezing Cloud           Conj/Ice/Air   0%         6-21      100%        5
 Yara's Violent Unravell  Hex/Tmut       0%         3d3       100%        5
 Dispersal                Tloc           0%         N/A       100%        6
 Enfeeble                 Hex            0%         N/A       100%        7
 Ozocubu's Refrigeration  Ice            0%         4d7       100%        7
 Summon Hydra             Summ           0%         N/A       100%        7


Dungeon Overview and Level Annotations

Branches:
Dungeon (10/15)            Temple (0/1) D:6            Lair (0/5) D:8
  Sewer (visited)
    Orc: D:9-12

Annotations:
D:4 3 runed translucent doors, cdecastro's ghost, amateur SpEn
D:10 Lodul


Innate Abilities, Weirdness & Mutations

You have an increased reservoir of magic. (+10% MP)
You shall have no god before yourself.
Your divine heritage dramatically boosts your attributes as you level up.
Your movements are slightly less encumbered by armour. (ER -2)


Message History

The bolt of lightning hits you!!
You closely miss the orc wizard.
The orc wizard is severely wounded.
You hit the ogre.
The ogre looks as sick as possible!
The orc wizard closely misses you.
An ogre comes into view. It is wielding a +0 giant spiked club.
The ogre closely misses you.
The ogre shouts!
You slash the orc wizard!
You kill the orc wizard!
You slash the ogre!
You kill the ogre!
You slash the ogre!
The ogre looks as sick as possible!
You hear a shout!
The ogre hits you with a +0 giant club!
You slash the ogre!
The ogre looks as sick as possible!
The ogre is severely wounded.
The ogre closely misses you.
You slash the ogre!
You kill the ogre!
You hit Lodul.
Lodul is lightly wounded.
Lodul hits you with a +0 dire flail!!
* * * LOW HITPOINT WARNING * * *
An ogre comes into view. It is wielding a +0 giant club. x2
You are too injured to fight recklessly!
Blink to where?
Press: ? - help, Dir - move target
Found a leather armour.
As you read the scroll of blinking, it crumbles to dust.
You feel much better.
It was a potion of flight.
You feel very buoyant.
You fly up into the air.
Electricity crackles from Lodul's apparatus.
The bolt of lightning hits you!!
* * * LOW HITPOINT WARNING * * *
Electricity crackles from Lodul's apparatus.
The bolt of lightning hits you!!
You die...

.....#.............)......
.........#................
.........................#
.......##...........##...#
........#..###......# ..##
#.....# .......# ..#
....##..##.##.......# ..
..................#####..#
.......##.##....@.## .##
.........###.......#
...........#........#
...................##
#O...O..###O.......#
......)##..O###....#
.O....)....## #......
......<...## .......#
............# .......[


You could see Lodul and an ogre.

Vanquished Creatures
  Erica (D:8)
  Maggie (D:7)
  A troll (D:9)
  4 yaks
  2 wyverns
  2 water moccasins
  Duvessa (D:4)
  An acid dragon (D:9)
  An orc warrior (D:8)
  4 ice beasts
  A hornet zombie (D:7)
  5 black bears
  2 ogres (D:10)
  A centaur (D:10)
  A kobold brigand (D:7)
  2 necrophages (D:7)
  A bullfrog (D:8)
  A scorpion (D:5)
  Dowan (D:4)
  5 howler monkeys
  A centaur zombie (D:7)
  5 hounds
  2 jellies
  3 orc priests
  A gnoll bouda (D:7)
  5 iguanas
  Natasha (thrice) (D:4)
  10 orc wizards
  A hell rat (Sewer)
  4 gnolls
  5 adders
  3 river rats (Sewer)
  3 white imps
  An ufetubus (D:5)
  3 worms
  2 dart slugs
  33 orcs
  7 endoplasms
  2 giant cockroaches
  7 goblins
  4 hobgoblins
  5 jackals (D:2)
  15 kobolds
  6 quokkas
  9 ball pythons
  7 bats
  4 frilled lizards
  7 rats
196 creatures vanquished.

Vanquished Creatures (others)
  A bush (D:7)
  24 fungi (D:8)
  45 plants
70 creatures vanquished.

Grand Total: 266 creatures vanquished

Notes
Turn   | Place    | Note
-------+----------+-------------------------------------------
     0 | D:1      | fantasyman the Demigod Fighter began the quest for the Orb.
     0 | D:1      | Reached XP level 1. HP: 18/18 MP: 3/3
   239 | D:1      | Reached XP level 2. HP: 24/25 MP: 4/4
   457 | D:1      | Reached skill level 2 in Axes
   634 | D:2      | Reached XP level 3. HP: 21/31 MP: 5/5
  1613 | D:3      | Reached XP level 4. HP: 34/38 MP: 6/6
  1618 | D:3      | Reached skill level 3 in Axes
  2106 | D:3      | Identified the +5 ring mail "Baclemae" {Int+3 Dex+3}
  2303 | D:4      | Found a runed translucent gate.
  2303 | D:4      | Found a runed translucent gate.
  2303 | D:4      | Found a runed translucent gate.
  2305 | D:4      | Noticed cdecastro's ghost (amateur SpEn)
  2324 | D:4      | Noticed Natasha
  2332 | D:4      | Killed Natasha
  2446 | D:4      | Found a glowing drain.
  2454 | D:4      | Reached XP level 5. HP: 37/45 MP: 7/7
  2481 | Sewer    | Entered a sewer
  2899 | D:4      | Reached skill level 4 in Axes
  3017 | D:4      | Reached skill level 1 in Dodging
  3041 | D:4      | Noticed Duvessa
  3042 | D:4      | Noticed Dowan
  3061 | D:4      | Gained mutation: Your movements are slightly less
                  | encumbered by armour. (ER -2) [potion of mutation]
  3074 | D:4      | Killed Duvessa
  3075 | D:4      | Reached XP level 6. HP: 36/51 MP: 8/8
  3103 | D:4      | Killed Dowan
  3405 | D:4      | Noticed Natasha
  3414 | D:4      | Killed Natasha
  3585 | D:4      | Noticed Natasha
  3593 | D:4      | Killed Natasha
  3706 | D:5      | Entered Level 5 of the Dungeon
  3782 | D:5      | Reached skill level 5 in Axes
  3782 | D:5      | Reached XP level 7. HP: 41/57 MP: 9/9
  4131 | D:5      | Reached skill level 6 in Axes
  4888 | D:5      | Reached XP level 8. HP: 63/63 MP: 10/10
  5148 | D:6      | Found a staircase to the Ecumenical Temple.
  5181 | D:6      | Reached skill level 7 in Axes
  6120 | D:7      | Reached skill level 8 in Axes
  6132 | D:7      | Reached skill level 5 in Shields
  7169 | D:7      | Noticed Maggie
  7187 | D:7      | Killed Maggie
  7188 | D:7      | Reached skill level 9 in Axes
  7188 | D:7      | Reached skill level 5 in Armour
  7764 | D:7      | Reached XP level 9. HP: 70/70 MP: 11/11
  8226 | D:8      | Noticed Erica
  8421 | D:8      | Killed Erica
  8422 | D:8      | Reached skill level 10 in Axes
  9237 | D:8      | Found a staircase to the Lair.
  9317 | D:8      | Noticed a two-headed ogre
 10703 | D:9      | Reached skill level 11 in Axes
 11049 | D:9      | Identified the +1 pair of gloves of Caruc {Rampage}
 11147 | D:9      | Reached XP level 10. HP: 69/77 MP: 13/13
 12400 | D:10     | Entered Level 10 of the Dungeon
 12512 | D:10     | Noticed Lodul
 12527 | D:10     | Killed from afar by Lodul

Illustrated notes

Levels and vault maps discovered:
D:1:      onia_arrival_pyramid, layout_rooms
D:2:      layout_rooms, st_stairs_3, uniq_crazy_yiuf_cottage
D:3:      layout_rooms, nicolae_ashenzari_panopticon, amcnicky_altar_gilded,
          basic_ecumenical_altar
D:4:      layout_cave_pods, mainiacjoe_overflow_alcove_2,
          cheibrodos_sewer_entry_sluice, gammafunk_ghost_split, uniq_natasha,
          uniq_duvessa
D:5:      layout_loops_ring, grunt_temple_overflow_opulence,
          mainiacjoe_overflow_24_doors
D:6:      layout_cave_pods, mainiacjoe_overflow_paths, minmay_temple_entry_mist
D:7:      layout_loops_ring, fedhas_altar_decomposition,
          kennysheep_generic_room_10, uniq_maggie
D:8:      layout_loops_ring, overflow_temple_1_default,
          grunt_lair_entry_orc_guard_hut, serial_glass, glass_columns_a,
          glass_columns_a, glass_columns_c, glass_columns_a, glass_columns_a,
          feat_on_display, uniq_erica
D:9:      hellmonk_crumbling_castle, layout_basic,
          nicolae_wu_jian_glorious_leap, lightli_temple_of_fire,
          nicolae_dithmenos_through_a_glass_darkly, serial_bayou,
          serial_bayou_pond_d, serial_bayou_pond_d, serial_bayou_ford_a
D:10:     layout_cave_pools, zin_angel, uniq_lodul

Skill      XL: |  1  2  3  4  5  6  7  8  9 |
---------------+----------------------------+-----
Armour         | 3 4 5 |  5.8
Axes           | 2 3 4 5 6 9 11 | 11.4
Fighting       | 3 |  3.4
Shields        | 3 4 5 6 |  6.8
Dodging        | 1 |  1.1
Stealth        | |  0.2

Action                   |  1- 3 |  4- 6 |  7- 9 | 10-12 || total
-------------------------+-------+-------+-------+-------++-------
Melee: War axe           |   130 |   168 |   383 |    40 ||   721
  Use: Scroll            |       |     6 |     1 |     9 ||    16
       Potion            |       |     8 |     7 |     3 ||    18
 Stab: Sleeping          |       |     1 |     2 |       ||     3
       Distracted        |       |       |     1 |       ||     1
Armor: Scale mail        |    57 |     9 |       |       ||    66
       Ring mail         |       |    76 |   157 |    12 ||   245
       Chain mail        |       |     3 |       |       ||     3
       Skin              |       |       |     9 |       ||     9
Dodge: Dodged            |    70 |   109 |   161 |    19 ||   359
Block: Buckler           |    35 |    63 |   131 |    18 ||   247
